 Dungeon Crawl Stone Soup version 0.30-a0-297-g0ec75d9ef4 (webtiles) character file.

Game seed: 14911718874854119663

1029 MrRokkomies the Sneak (level 8, -4/111 HPs)
             Began as an Armataur Delver on Oct 19, 2022.
             Was a Priest of Dithmenos.
             Killed from afar by Dowan (12 damage)
             ... with a stone arrow
             ... on level 5 of the Dungeon.
             The game lasted 00:10:08 (3842 turns).

MrRokkomies the Sneak (Armataur Delver)             Turns: 3842, Time: 00:10:08

Health: -4/111     AC: 14    Str: 18    XL:     8   Next: 3%
Magic:  8/8        EV:  6    Int: 11    God:    Dithmenos [***...]
Gold:   227        SH:  0    Dex: 13    Spells: 7/7 levels left

rFire   . . .      SeeInvis .    a - +3 falchion of Overwhelming Force {vorpal, Fly rElec rC++ rCorr}
rCold   + + .      Faith    .    (no shield)
rNeg    . . .      Spirit   .    C - +0 chain mail
rPois   .          Reflect  .    x - +2 helmet
rElec   +          Harm     .    (no cloak)
rCorr   +          Roll     +    u - +1 pair of gloves
Will    .....                    (no barding)
Stlth   ..........               (no amulet)
HPRegen 0.38/turn                (no ring)
MPRegen 0.11/turn                (no ring)

@: brilliant, berserking, flying, wreathed by umbra, very quick
A: large, rugged brown scales 3, deformed body, armoured tail, roll, long
tongue, awkward tongue
a: Renounce Religion, Shadow Step


You were on level 5 of the Dungeon.
You worshipped Dithmenos.
Dithmenos was most pleased with you.
You visited 1 branch of the dungeon, and saw 5 of its levels.

You collected 227 gold pieces.

Inventory:

Hand Weapons
 a - the +3 falchion of Overwhelming Force (weapon) {vorpal, Fly rElec rC++ rCorr}
   (You found it on level 4 of the Dungeon)

   It inflicts extra damage upon your enemies.
   rC:        It greatly protects you from cold.
   rElec:     It insulates you from electricity.
   Fly:       It grants you flight.
   rCorr:     It protects you from acid and corrosion.
 b - the +6 sling of Welfare {vorpal, rN+ Will+ Int+2 Dex+4}
   (You found it on level 2 of the Dungeon)

   Any ammunition fired from it inflicts extra damage upon your enemies.
   Int:       It affects your intelligence (+2).
   Dex:       It affects your dexterity (+4).
   rN:        It protects you from negative energy.
   Will:      It increases your willpower.
 A - a +0 mace
 E - a +0 flail
Missiles
 n - 13 poisoned darts (quivered)
 q - 2 curare-tipped darts
 z - 2 throwing nets
Armour
 t - a +0 leather armour
 u - a +1 pair of gloves (worn)
 x - a +2 helmet (worn)
 C - a +0 chain mail (worn)
Jewellery
 h - a ring of ice
 p - an amulet of faith
Wands
 g - a wand of digging (3)
Scrolls
 c - a scroll of fog
 d - a scroll of magic mapping
 e - 2 scrolls of fear
 i - 2 scrolls of identify {unknown}
 k - 3 scrolls of teleportation {unknown}
 m - a scroll of enchant weapon {unknown}
 o - 3 scrolls of amnesia {unknown}
 r - a scroll of enchant armour {unknown}
 s - a scroll of vulnerability {unknown}
 v - a scroll of poison {unknown}
 y - 2 scrolls of blinking {unknown}
 D - a scroll of immolation {unknown}
Potions
 f - a potion of flight
 j - a potion of berserk rage
 l - 3 potions of brilliance
 w - a potion of attraction {unknown}
 B - a potion of degeneration {unknown}


   Skills:
 * Level 5.6 Fighting
 - Level 1.7 Maces & Flails
 * Level 6.4 Armour
 + Level 3.2 Dodging
 + Level 6.8 Stealth


You had 7 spell levels left.
You didn't know any spells.
Your spell library was empty.

Dungeon Overview and Level Annotations

Branches:
Dungeon (5/15)
 Temple: D:4-7

Altars:
Dithmenos
Nemelex Xobeh
Ru

Annotations:
D:5 Dowan


Innate Abilities, Weirdness & Mutations

You are completely covered in rugged brown scales. (AC +3, +7% HP)
Armour fits poorly on your strangely shaped body.
You have a long armoured tail.
You roll when moving toward enemies. (Rampage)
Your long tongue fully drains potion bottles. (2x potion effects)
Your tongue gives you trouble enunciating. (1.5x scroll delay)


Message History

It was a potion of flight.
You feel more buoyant. Duvessa hits you with a +0 short sword.
Duvessa hits you with a +0 short sword!
* * * LOW HITPOINT WARNING * * *
You slurp down every last drop of the 2 emerald potions!
It was a potion of berserk rage.
A red film seems to cover your vision as you go berserk!
You feel yourself moving faster!
You feel mighty! Duvessa barely misses you.
You hit Duvessa but do no damage.
Duvessa is heavily wounded.
Duvessa hits you but does no damage. Duvessa hits you with a +0 short sword.
* * * LOW HITPOINT WARNING * * *
You hit Duvessa.
Duvessa is severely wounded.
Duvessa hits you with a +0 short sword.
* * * LOW HITPOINT WARNING * * *
You slash Duvessa!
Duvessa is almost dead.
Duvessa hits you with a +0 short sword.
* * * LOW HITPOINT WARNING * * *
You slash Duvessa!
You kill Duvessa!
Dithmenos accepts your kill.
Dowan screams, "No!
No!"
Dowan seems to find hidden reserves of power!
You have reached level 8!
You feel stronger.
Unknown command.
You slash Dowan!
Dowan is severely wounded.
Dowan hits you but does no damage.
You slash Dowan!
Dowan is almost dead.
Dowan barely misses you. Dowan hits you with a +0 dagger.
* * * LOW HITPOINT WARNING * * *
You barely miss Dowan.
Dowan is almost dead.
Dowan casts a spell at you. The stone arrow hits you!
You die...

#############
####...........#
....?....# .#
####.###.# .#
#e# .# #@# .#
#.# .# #.# .#
#.## .########
#..# ........#
###.####.##
.######.# #.
#.........#
.#### #.#
#(##.#.####..#
....###.##
#.##.#.##


You could see Dowan (fast).

Vanquished Creatures
  Duvessa (D:5)
  An ogre (D:4)
  2 phantoms
  A bullfrog (D:4)
  3 scorpions
  A jelly (D:4)
  3 hounds
  3 iguanas (D:4)
  4 gnolls (D:4)
  11 adders
  An ufetubus (D:5)
  3 worms
  4 dart slugs
  10 orcs
  3 ball pythons
  8 endoplasms
  4 giant cockroaches
  11 goblins
  6 hobgoblins
  6 jackals
  3 quokkas
  5 bats
  3 frilled lizards
  5 kobolds
  5 rats
107 creatures vanquished.

Notes
Turn   | Place    | Note
-------+----------+-------------------------------------------
     0 | D:5      | MrRokkomies the Armataur Delver began the quest for the
                  | Orb.
     0 | D:5      | Reached XP level 1. HP: 19/19 MP: 1/1
    37 | D:5      | Noticed Duvessa
    37 | D:5      | Noticed Dowan
   119 | D:5      | Noticed a phantom
   127 | D:5      | Noticed a hound
   145 | D:4      | Noticed a hound
   153 | D:4      | Killed a hound
   154 | D:4      | Reached XP level 2. HP: 27/27 MP: 2/2
   154 | D:4      | Reached XP level 3. HP: 33/33 MP: 3/3
   404 | D:3      | Reached XP level 4. HP: 31/40 MP: 4/4
  1209 | D:1      | Found a faded altar of an unknown god.
  1231 | D:1      | Prayed at the altar of an unknown god.
  1231 | D:1      | Became a worshipper of Dithmenos the Shadowed
  1231 | D:1      | Reached * piety under Dithmenos
  1505 | D:2      | Identified the +6 sling of Welfare {vorpal, rN+ Will+ Int+2
                  | Dex+4}
  2286 | D:3      | Reached XP level 5. HP: 46/49 MP: 5/5
  2459 | D:3      | Found a shadowy altar of Dithmenos.
  2648 | D:3      | Found a sacrificial altar of Ru.
  2648 | D:3      | Found a sparkling altar of Nemelex Xobeh.
  2793 | D:4      | Reached ** piety under Dithmenos
  2859 | D:4      | Noticed an ogre
  2866 | D:4      | Killed an ogre
  2867 | D:4      | Reached XP level 6. HP: 12/56 MP: 6/6
  3355 | D:4      | Reached skill level 5 in Armour
  3355 | D:4      | Reached XP level 7. HP: 51/64 MP: 7/7
  3472 | D:4      | Reached skill level 5 in Fighting
  3538 | D:4      | Identified the +3 falchion of Overwhelming Force {vorpal,
                  | Fly rElec rC++ rCorr}
  3678 | D:5      | Reached *** piety under Dithmenos
  3839 | D:5      | Killed Duvessa
  3840 | D:5      | Reached XP level 8. HP: 9/74 MP: 8/8
  3842 | D:5      | Killed from afar by Dowan

Illustrated notes

Levels and vault maps discovered:
D:1:      dpeg_arrival_rhombi, layout_loops_cross,
          shapermc_ecumenical_altar_acropolis, minmay_unequal
D:2:      layout_basic, kennysheep_nondescript, kennysheep_donut
D:3:      layout_rooms, nicolae_dithmenos_shadow_blocks,
          gammafunk_temple_overflow_elements
D:4:      minmay_octagon_keep, layout_rooms, minmay_splitting_lines,
          hangedman_abyss_or_decor_stagger
D:5:      layout_loops_ring, uniq_duvessa

Skill      XL: |  1  2  3  4  5  6  7 |
---------------+----------------------+-----
Fighting       | 3 4 5 |  5.6
Armour         | 2 3 4 5 6 |  6.4
Dodging        | 2 3 |  3.2
Stealth        | 6 |  6.8
Maces & Flails | |  1.7

Action                   |  1- 3 |  4- 6 |  7- 9 || total
-------------------------+-------+-------+-------++-------
Melee: Mace              |    42 |    85 |       ||   127
       Tailslap          |     4 |     9 |     1 ||    14
       Flail             |       |     3 |       ||     3
       Falchion          |       |       |    18 ||    18
 Fire: Sling             |       |    89 |    66 ||   155
  Use: Potion            |     1 |       |     3 ||     4
 Stab: Sleeping          |       |     8 |       ||     8
Armor: Leather armour    |    17 |    36 |       ||    53
       Chain mail        |       |    14 |    58 ||    72
Dodge: Dodged            |    23 |    66 |    27 ||   116

Table legend: (Time is in decaauts)
 A = Elapsed time spent in this place.
 B = Non-inter-level travel time spent in this place.
 C = Inter-level travel time spent in this place.
 D = Time resting spent in this place.
 E = Time spent auto-exploring this place.
 F = Levels seen in this place.
 G = Mean time per level.
                   A        B        C        D        E       F      G
               +--------+--------+--------+--------+--------+-----+--------+
         Total |   3967 |   3837 |    130 |    588 |   2374 |   5 |  793.4 |
       Dungeon |   3967 |   3837 |    130 |    588 |   2374 |   5 |  793.4 |
               +--------+--------+--------+--------+--------+-----+--------+

Top non-repeatable levels by time:
     D:4: 1082 daAuts
     D:2: 1080 daAuts
     D:3: 743 daAuts
     D:1: 718 daAuts
     D:5: 342 daAuts
